 Dungeon Crawl Stone Soup version 0.21.1-1-g345015f (webtiles) character file.

176 diana the Slasher (level 5, -1/41 HPs)
             Began as a Demonspawn Gladiator on June 7, 2018.
             Succumbed to a scorpion's poison
             ... on level 4 of the Dungeon.
             The game lasted 00:05:01 (4212 turns).

diana the Slasher (Demonspawn Gladiator)            Turns: 4212, Time: 00:05:02

Health: -1/41      AC:  3    Str: 14 (15) XL:     5   Next: 30%
Magic:  5/5        EV: 13    Int:  8 (9)  God:
Gold:   171        SH:  0    Dex: 14 (15) Spells: 4/4 levels left

rFire    + . .     SeeInvis .   a - +0 long sword
rCold    + . .     Gourm    .   (no shield)
rNeg     . . .     Faith    .   b - +0 leather armour
rPois    +         Spirit   .   (helmet restricted)
rElec    +         Reflect  .   (no cloak)
rCorr    +         Harm     .   (no gloves)
MR       .....                  (no boots)
Stlth    +.........             (no amulet)
HPRegen  0.13/turn              (no ring)
MPRegen  0.09/turn              (no ring)

@: lethally poisoned (-1 -> -24), resistant
A: horns 2, rot immunity
a: no special abilities


You were on level 4 of the Dungeon.
You were very hungry.

You visited 1 branch of the dungeon, and saw 4 of its levels.

You collected 171 gold pieces.

Inventory:

Hand Weapons
 a - a +0 long sword (weapon)
Missiles
 d - 3 throwing nets (quivered)
Armour
 b - a +0 leather armour (worn)
 c - a +0 helmet
Scrolls
 e - 6 scrolls of identify {unknown}
 j - a scroll of noise {unknown}
 m - a scroll of immolation {unknown}
Potions
 g - a potion of degeneration
 h - a potion of berserk rage {unknown}
 i - a potion of resistance
 k - a potion of heal wounds {unknown}
 l - a potion of lignification {unknown}
 n - a potion of magic {unknown}
 o - 2 potions of curing {unknown}
Comestibles
 f - 3 rations


   Skills:
 + Level 3.0 Fighting
 * Level 4.0 Long Blades
 - Level 1.7 Throwing
 * Level 4.0 Dodging


You had 4 spell levels left.
You didn't know any spells.

Dungeon Overview and Level Annotations

Branches:
Dungeon (4/15)
 Temple: D:4-7

Altars:
Fedhas
Okawaru
The Shining One

Annotations:
D:4 salinator123's ghost, novice GrBe


Innate Abilities, Weirdness & Mutations

You have a pair of horns on your head.
You are immune to rotting.


Message History

The scorpion is heavily wounded.
You feel sick. The scorpion stings you.
* * * LOW HITPOINT WARNING * * *
A scorpion comes into view.
You hit the scorpion. Your headbutt misses the scorpion.
The scorpion is severely wounded.
* * * LOW HITPOINT WARNING * * *
You feel sick. The scorpion stings you.
* * * LOW HITPOINT WARNING * * *
You are more poisoned.
The scorpion poisons you!
It was a potion of degeneration.
There was something very wrong with that liquid.
You feel weakened.
You feel dopey.
You feel clumsy.
* * * LOW HITPOINT WARNING * * *
You feel sick.
The scorpion stings you but does no damage.
It was a potion of resistance.
You feel protected.
You die...

.......<.....>...#
.##.#.#.....####.#
# #......... #
#.....####
#.#......
#.#.#####
#.#+#######
#..[.?....#
#....@s...#
#.........#
#.........#
#.........#
#....?....#
#....s....#
..#.#.......
##.#.#.######


You could see 2 scorpions.

Vanquished Creatures
  An orc wizard (D:3)
  An iguana (D:2)
  A gnoll (D:1)
  4 adders
  4 worms (D:2)
  2 dart slugs
  2 leopard geckos (D:2)
  3 orcs (D:3)
  3 bats
  3 giant cockroaches
  5 hobgoblins
  9 jackals
  2 quokkas
  A frilled lizard (D:2)
  3 goblins
  6 kobolds
  10 rats
60 creatures vanquished.

Notes
Turn   | Place    | Note
-------+----------+-------------------------------------------
     0 | D:1      | diana the Demonspawn Gladiator began the quest for the Orb.
     0 | D:1      | Reached XP level 1. HP: 16/16 MP: 1/1
   122 | D:1      | Gained mutation: You are immune to rotting. [demonic ancestry]
   122 | D:1      | Reached XP level 2. HP: 10/22 MP: 2/2
   646 | D:1      | Gained mutation: You have a pair of small horns on your head. [demonic ancestry]
   646 | D:1      | Reached XP level 3. HP: 24/28 MP: 3/3
   882 | D:2      | HP: 1/28 [iguana (13)]
  1353 | D:2      | Gained mutation: You have a pair of horns on your head. [demonic ancestry]
  1353 | D:2      | Reached XP level 4. HP: 22/34 MP: 4/4
  2574 | D:3      | Found an iron altar of Okawaru.
  3022 | D:3      | Found a glowing golden altar of the Shining One.
  3102 | D:3      | Reached XP level 5. HP: 35/40 MP: 5/5
  3820 | D:4      | Found a blossoming altar of Fedhas.
  3826 | D:4      | Noticed salinator123's ghost (novice GrBe)
  4211 | D:4      | HP: 1/41 [poisoned by a scorpion]
  4212 | D:4      | Succumbed to a scorpion's poison

Skill      XL: |  1  2  3  4  5 |
---------------+----------------+-----
Long Blades    | 3 4 |  4.0
Dodging        | 3 4 |  4.0
Fighting       | 3 |  3.0
Throwing       | |  1.7

Action                   |  1- 3 |  4- 6 || total
-------------------------+-------+-------++-------
Melee: Long sword        |    74 |    84 ||   158
       Headbutt          |     6 |    20 ||    26
  Use: Potion            |       |     2 ||     2
 Stab: Sleeping          |     1 |     3 ||     4
  Eat: Chunk             |     1 |     5 ||     6
       Ration            |       |     1 ||     1
Armor: Leather armour    |    21 |    15 ||    36
Dodge: Dodged            |    50 |    73 ||   123
       Rpst.: Long sword |    20 |    29 ||    49
